 Dungeon Crawl Stone Soup version 0.26.1-11-gd32895ea62 (webtiles) character file.

Game seed: 14476152333478418159

2762 Zeld the Thrower (level 9, -4/88 HPs)
             Began as a Troll Hunter on June 12, 2021.
             Was an Initiate of Yredelemnul.
             Slain by a hornet (9 damage)
             ... on level 8 of the Dungeon.
             The game lasted 00:12:47 (11559 turns).

Zeld the Thrower (Troll Hunter)                    Turns: 11559, Time: 00:12:47

Health: -4/88      AC: 10    Str: 25    XL:     9   Next: 42%
Magic:  8/8        EV: 12    Int:  7    God:    Yredelemnul [......]
Gold:   368        SH:  0    Dex: 10    Spells: 8/8 levels left

rFire    . . .     SeeInvis .   a - +0 giant club
rCold    . . .     Faith    .   (shield currently unavailable)
rNeg     . . .     Spirit   .   b - +1 robe
rPois    .         Reflect  .   d - +0 hat
rElec    .         Harm     .   y - +2 cloak
rCorr    .         Rampage  .   (gloves unavailable)
Will     .....     Rnd*Tele +   (boots unavailable)
Stlth    ..........             q - amulet of inaccuracy (curse)
HPRegen  0.64/turn              j - ring of attention (curse)
MPRegen  0.11/turn              m - ring of teleportation (curse)

@: slowed, invisible, very slow
A: large, unfitting armour, claws 3, regeneration 1, shaggy fur 1, tough skin 3
a: Renounce Religion


You were on level 8 of the Dungeon.
You worshipped Yredelemnul.
Yredelemnul was noncommittal.
You visited 2 branches of the dungeon, and saw 9 of its levels.

You collected 368 gold pieces.

Inventory:

Hand Weapons
 a - a +0 giant club (weapon)
Missiles
 e - 391 stones (quivered)
 t - 8 boomerangs
Armour
 b - a +1 robe (worn)
 d - a +0 hat (worn)
 y - a +2 cloak (worn)
Jewellery
 j - a cursed ring of attention (left claw)
 m - a cursed ring of teleportation (right claw)
 q - a cursed amulet of inaccuracy (around neck)
 x - a +6 ring of strength {unknown}
 A - a +6 ring of dexterity {unknown}
Scrolls
 c - a scroll of magic mapping
 h - 2 scrolls of identify
 i - 4 scrolls of enchant weapon
 s - 4 scrolls of teleportation
 z - a scroll of fog {unknown}
Potions
 g - 2 potions of curing
 k - a potion of mutation {unknown}
 l - a potion of attraction {unknown}
 o - 2 potions of resistance {unknown}
 r - a potion of heal wounds {unknown}
 u - 2 potions of lignification {unknown}
 v - 3 potions of haste {unknown}
 w - a potion of degeneration {unknown}


   Skills:
 + Level 5.6 Fighting
 * Level 9.2 Throwing
 + Level 5.6 Dodging
 - Level 0.3 Stealth


You had 8 spell levels left.
You didn't know any spells.
Your spell library was empty.

Dungeon Overview and Level Annotations

Branches:
Dungeon (8/15)             Temple (1/1) D:6
   Lair: D:8-11

Altars:
Ashenzari
Cheibriados
Dithmenos
Elyvilon
Fedhas
Gozag
Hepliaklqana
Kikubaaqudgha
Makhleb
Nemelex Xobeh
Okawaru
Qazlal
Ru
Sif Muna
Trog
Vehumet
Wu Jian
Xom
Yredelemnul
Zin
The Shining One

Annotations:
D:6 2 transporters


Innate Abilities, Weirdness & Mutations

You are too large for most types of armour.
You have claws for hands.
Your natural rate of healing is unusually fast.
You are covered in fur. (AC +1)
You have extremely tough skin. (AC +3)


Message History

You throw a large rock. The large rock misses the hornet.
You feel very sick. The hornet closely misses you. The hornet stings you!
* * * LOW HITPOINT WARNING * * *
You feel as though you will be slow longer.
The hornet misses you.
Unknown command.
Unknown command.
Okay, then.
It was a potion of curing.
You feel better. The hornet stings you!
* * * LOW HITPOINT WARNING * * *
You feel as though you will be slow longer.
The hornet stings you but does no damage.
The hornet barely misses you.
Unknown command.
It was a potion of invisibility.
You fade into invisibility!
The hornet stings you!
You die...
Your body rises from the dead as a mindless zombie.

#(# #.# #.# #.#
#.# #.# #y# #@#
#.# #.# #.#
######## #.#
.......# #.#
######.#########.#
#...........#
#############


You could see a hornet.

Vanquished Creatures
  Harold (D:6)
  Duvessa (D:7)
  An ice beast (D:3)
  A hornet zombie (D:7)
  An orc warrior (D:7)
  A sky beast (D:6)
  2 ogres
  A black bear (D:7)
  A centaur (D:7)
  A bullfrog (D:6)
  A gnoll sergeant (D:6)
  Dowan (D:7)
  A scorpion (D:7)
  5 jellies
  2 bullfrog skeletons (D:7)
  3 orc wizards
  2 hounds
  4 orc priests
  Crazy Yiuf (D:6)
  Natasha (thrice) (D:2)
  9 worker ants
  A hound skeleton (D:7)
  A howler monkey zombie (D:7)
  A worker ant zombie (D:6)
  5 gnolls (D:7)
  4 adders
  A howler monkey skeleton (D:5)
  2 shadow imps
  2 white imps
  2 oozes (D:1)
  2 adder zombies (D:7)
  2 adder skeletons
  2 worms (D:4)
  2 leopard geckos (D:4)
  26 orcs
  3 giant cockroaches
  9 goblins
  12 hobgoblins
  3 jackals (D:5)
  3 quokkas
  4 ball pythons
  2 bats
  4 frilled lizards
  12 kobolds
  5 rats
153 creatures vanquished.

Vanquished Creatures (others)
  A fungus (D:6)
  2 plants (D:5)
3 creatures vanquished.

Grand Total: 156 creatures vanquished

Notes
Turn   | Place    | Note
-------+----------+-------------------------------------------
     0 | D:1      | Zeld the Troll Hunter began the quest for the Orb.
     0 | D:1      | Reached XP level 1. HP: 19/19 MP: 0/0
   247 | D:1      | Reached XP level 2. HP: 28/28 MP: 1/1
   371 | D:1      | Reached skill level 4 in Throwing
   739 | D:1      | Reached XP level 3. HP: 25/35 MP: 2/2
  1376 | D:2      | Reached XP level 4. HP: 23/42 MP: 3/3
  1472 | D:2      | Noticed Natasha
  1491 | D:2      | Killed Natasha
  1833 | D:2      | Noticed Natasha
  1838 | D:2      | Killed Natasha
  1839 | D:2      | Reached XP level 5. HP: 35/50 MP: 4/4
  1952 | D:2      | Noticed Natasha
  1960 | D:2      | Killed Natasha
  1961 | D:2      | Reached skill level 5 in Throwing
  2568 | D:3      | Noticed an ice beast
  2799 | D:3      | Killed an ice beast
  2800 | D:3      | Reached XP level 6. HP: 33/59 MP: 5/5
  2928 | D:3      | Found a burning altar of Makhleb.
  3984 | D:4      | Reached skill level 6 in Throwing
  4382 | D:5      | Entered Level 5 of the Dungeon
  4394 | D:5      | Reached XP level 7. HP: 67/67 MP: 6/6
  5352 | D:6      | Found a hazy altar of Hepliaklqana.
  5510 | D:6      | Found a transporter.
  5520 | D:6      | Found a glowing golden altar of the Shining One.
  5531 | D:6      | Found a transporter.
  5998 | D:6      | Found a white marble altar of Elyvilon.
  6054 | D:6      | Found a blossoming altar of Fedhas.
  6785 | D:6      | Found a staircase to the Ecumenical Temple.
  6809 | Temple   | Entered the Ecumenical Temple
  6948 | Temple   | Became a worshipper of Yredelemnul the Dark
  7130 | D:6      | Found a shimmering blue altar of Sif Muna.
  7464 | D:6      | Found a runed translucent door.
  7465 | D:6      | Noticed Crazy Yiuf
  7478 | D:6      | Killed Crazy Yiuf
  7825 | D:7      | Reached skill level 7 in Throwing
  7905 | D:7      | Noticed Dowan
  7905 | D:7      | Noticed Duvessa
  7963 | D:7      | Killed Duvessa
  7964 | D:7      | Reached XP level 8. HP: 60/78 MP: 7/7
  8294 | D:7      | Found a shimmering altar of Xom.
  8777 | D:7      | Found an iron altar of Okawaru.
  8780 | D:7      | Noticed Harold
  9046 | D:6      | Killed Harold
  9047 | D:6      | Reached skill level 5 in Fighting
  9047 | D:6      | Reached skill level 8 in Throwing
  9047 | D:6      | Reached skill level 5 in Dodging
  9333 | D:7      | Reached XP level 9. HP: 85/88 MP: 8/8
  9471 | D:7      | Killed Dowan
 10151 | D:7      | Reached skill level 9 in Throwing
 11382 | D:8      | Found an opulent altar of Gozag.
 11556 | D:8      | Paralysed by a hornet for 2 turns
 11558 | D:8      | HP: 4/88 [hornet (13)]
 11559 | D:8      | Slain by a hornet

Illustrated notes

Levels and vault maps discovered:
D:1:      saegor_arrival_simple_e, layout_loops_ring, corexii_hall_statues_l
D:2:      cheibrodos_pilgrimage, layout_loops_ring, uniq_natasha
D:3:      layout_basic, nicolae_overflow_hidden_temple
D:4:      layout_basic, kennysheep_potato
D:5:      corexii_shack_village, layout_cave_pools, minmay_misc_feat_rows
D:6:      layout_rooms, gammafunk_temple_overflow_arena, elyvilon_altar_1,
          lemuel_round_altar, nzn_hepliaklqana_mist_gate, led_sif_pool,
          minmay_temple_entry_butterflies, eino_small_chamber_without_monster,
          uniq_crazy_yiuf_cottage
D:7:      minmay_chambers_of_sixes, layout_loops_ring, general_overflow_altar,
          basic_altar, uniq_duvessa, uniq_harold
D:8:      layout_basic, lemuel_round_altar
Temple:   oiseaux_autumnal_temple

Skill      XL: |  1  2  3  4  5  6  7  8  9 |
---------------+----------------------------+-----
Throwing       | 4 5 6 7 8 9 |  9.2
Fighting       | 2 3 4 5 |  5.6
Dodging        | 2 3 4 5 |  5.6
Stealth        | |  0.3

Action                   |  1- 3 |  4- 6 |  7- 9 || total
-------------------------+-------+-------+-------++-------
Melee: Unarmed           |    77 |   250 |   557 ||   884
       Giant club        |       |       |   130 ||   130
Throw: Throwing net      |       |     2 |    11 ||    13
       Large rock        |       |       |    16 ||    16
Evoke: Wand              |       |       |     8 ||     8
  Use: Scroll            |       |       |    11 ||    11
       Potion            |       |       |     2 ||     2
 Stab: Sleeping          |     1 |       |       ||     1
       Held in net/web   |       |       |     1 ||     1
Armor: Robe              |    32 |   113 |   289 ||   434
Dodge: Dodged            |    49 |   159 |   418 ||   626
